 Dungeon Crawl Stone Soup version 0.19-a0-277-g85cb9a5 (webtiles) character file.

56 Duffy the Firebug (level 3, -3/19 HPs)
             Began as a Deep Elf Fire Elementalist on May 26, 2016.
             Killed from afar by a white imp (7 damage)
             ... with a puff of frost
             ... summoned by Natasha
             ... on level 2 of the Dungeon.
             The game lasted 00:01:57 (1701 turns).

Duffy the Firebug (Deep Elf Fire Elementalist)      Turns: 1701, Time: 00:01:57

Health: -3/19      AC:  3    Str:  5    XL:     3   Next: 71%
Magic:  5/9        EV: 13    Int: 20    God:
Gold:   38         SH:  0    Dex: 15    Spells: 2 memorised, 4 levels left

rFire  . . .     SeeInvis .     (no weapon)
rCold  . . .     Gourm    .     a - +0 robe
rNeg   . . .     Faith    .     (no shield)
rPois  .         Spirit   .     i - +0 helmet
rElec  .         Dismiss  .     (no cloak)
rCorr  .         Reflect  .     (no gloves)
SustAt .         Harm     .     (no boots)
MR     .....                    (no amulet)
Stlth  ++........               (no ring)
                                (no ring)

@: slowed, very slow, not resistant to hostile enchantments, unstealthy
A: no striking features
a: no special abilities


You were on level 2 of the Dungeon.
You were not hungry.

You visited 1 branch of the dungeon, and saw 3 of its levels.

You collected 38 gold pieces.


   Skills:
 - Level 2.4 Dodging
 - Level 2.4 Stealth
 - Level 3.0 Spellcasting
 + Level 3.6 Conjurations
 + Level 3.7 Fire Magic


You had 4 spell levels left.
You knew the following spells:

 Your Spells              Type           Power        Failure   Level  Hunger
a - Flame Tongue          Conj/Fire      ###..        3%          1    None
l - Conjure Flame         Conj/Fire      ###.....     12%         3    ###....

Inventory:

Armour
 a - a +0 robe (worn)
 i - a +0 helmet (worn)
Scrolls
 d - 3 scrolls of identify {unknown}
 e - 3 scrolls of enchant weapon {unknown}
Potions
 h - 2 potions of heal wounds {unknown}
Books
 b - a book of Flames
Comestibles
 c - 3 bread rations
 f - a royal jelly
 g - a meat ration

Dungeon Overview and Level Annotations

Branches:
Dungeon (3/15)

Altars:
Okawaru

Annotations:
D:2 Natasha


Message History

The flame tongue hits the bat.
You kill the bat!
Cast which spell? (? or * to list)
You can't see any susceptible monsters within range! (Use Z to cast anyway.) Cast which spell? (? or * to list)
You can't see any susceptible monsters within range! (Use Z to cast anyway.) Natasha, Servant of Life and Death comes into view.
Found 4 fruits.
Found an emerald potion.
Natasha hisses angrily.
Natasha stares at you and mumbles some strange words.
The magic dart hits you!
Natasha stares at you and mumbles some strange words.
You feel yourself slow down.
Cast which spell? (? or * to list)
You can't see any susceptible monsters within range! (Use Z to cast anyway.) Cast which spell? (? or * to list)
You can't see any susceptible monsters within range! (Use Z to cast anyway.) Cast which spell? (? or * to list)
You can't see any susceptible monsters within range! (Use Z to cast anyway.) Cast which spell? (? or * to list)
Aiming: Flame Tongue
Press: ? - help, Shift-Dir - straight line, f - Natasha
Aim: Natasha The flame tongue misses Natasha.
Cast which spell? (? or * to list)
Aiming: Flame Tongue
Press: ? - help, Shift-Dir - straight line, f/p - Natasha
Aim: Natasha The flame tongue misses Natasha.
Natasha stares at you and mumbles some strange words.
You resist with some effort.
Cast which spell? (? or * to list)
Aiming: Flame Tongue
Press: ? - help, Shift-Dir - straight line, f/p - Natasha
Aim: Natasha The flame tongue hits Natasha.
Natasha is moderately wounded.
Natasha claws you.
Natasha mumbles some strange words.
Cast which spell? (? or * to list)
Aiming: Flame Tongue
Press: ? - help, Shift-Dir - straight line, f/p - Natasha
Aim: Natasha (moderately wounded)
The flame tongue hits Natasha.
Natasha is almost dead.
Natasha claws you! The white imp gestures at you. The puff of frost hits you!
You die...

.# #.# # #.# ###.
#.# .h.###.# ...#.#
##h#!#
#.@5.##############
#.............)...#
#...###########.#.#
##### #.#.# #.#.#
#.#.# #.#)# #.#.#
#########.#.#


You could see Natasha and a white imp.

Action                   || total
-------------------------++-------
 Cast: Flame Tongue      ||    65
  Eat: Chunk             ||     2
Armor: Robe              ||     2
Dodge: Dodged            ||    11

Notes
Turn   | Place    | Note
--------------------------------------------------------------
     0 | D:1      | Duffy the Deep Elf Fire Elementalist began the quest for the Orb.
     0 | D:1      | Reached XP level 1. HP: 10/10 MP: 6/6
   101 | D:1      | Reached skill level 2 in Conjurations
   378 | D:1      | Reached XP level 2. HP: 6/15 MP: 1/8
   975 | D:1      | Reached skill level 3 in Conjurations
   987 | D:1      | Found an iron altar of Okawaru.
  1156 | D:1      | Reached XP level 3. HP: 19/19 MP: 4/9
  1344 | D:2      | You fall through a shaft!
  1352 | D:3      | Learned a level 3 spell: Conjure Flame
  1429 | D:2      | Noticed Robin
  1573 | D:2      | Killed Robin
  1693 | D:2      | Noticed Natasha
  1701 | D:2      | Killed from afar by a white imp

Skill      XL: |  1  2 |
---------------+-------+-----
Conjurations   | 2 3 |  3.6
Dodging        | |  2.4
Stealth        | |  2.4
Spellcasting   | |  3.0
Fire Magic     | |  3.7

Vault maps used:
D:1:      noname_arrival_rooms_in_the_neighbourhood, okawaru_ov_weapons_minmay
D:2:      zin_purify, minmay_misc_feat_rows, uniq_robin, uniq_terence,
          uniq_natasha
D:3:      lemuel_crystal_altar, ecumenical_altar_1, kennysheep_generic_room_10

Vanquished Creatures
  Robin
  A worm
  A dart slug
  A giant gecko
  5 bats
  3 giant cockroaches
  7 goblins
  6 hobgoblins
  3 kobolds
  A ball python
  A giant newt
  4 rats
34 creatures vanquished.
